 Dungeon Crawl Stone Soup version 0.20.1-1-g8b1a95d (webtiles) character file.

3145 asishallab the Cleaver (level 10, -9/77 HPs)
             Began as a Formicid Fighter on Nov 6, 2017.
             Was a Believer of Cheibriados.
             Mangled by an orc warrior
             ... wielding a +0 trident
              (12 damage)
             ... on level 7 of the Dungeon.
             The game lasted 00:18:10 (6345 turns).

asishallab the Cleaver (Formicid Fighter)           Turns: 6345, Time: 00:18:11

Health: -9/77      AC: 12    Str: 27    XL:     10   Next: 15%
Magic:  0/10       EV:  6    Int: 12    God:    Cheibriados [**....]
Gold:   352        SH: 15    Dex: 18    Spells: 9/9 levels left

rFire    . . .     SeeInvis +   a - +0 battleaxe
rCold    + . .     Gourm    .   c - +1 shield
rNeg     . . .     Faith    .   y - +0 chain mail
rPois    .         Spirit   +   (helmet unavailable)
rElec    .         Reflect  .   (no cloak)
rCorr    .         Harm     .   (no gloves)
MR       +....                  h - +2 pair of boots
Stlth    ..........             n - amulet of guardian spirit
Regen    0.3/turn               j - ring of wizardry
MPRegen  0.2/turn               (no ring)

@: very slow
A: permanent stasis, dig shafts and tunnels, four strong arms, antennae 3, large
bone plates 1, cold resistance 1, robust 1, screaming 1
a: Dig, Shaft Self, Bend Time, Renounce Religion


You were on level 7 of the Dungeon.
You worshipped Cheibriados.
Cheibriados was pleased with you.
You were not hungry.

You visited 2 branches of the dungeon, and saw 8 of its levels.

You collected 352 gold pieces.

Inventory:

Hand Weapons
 a - a +0 battleaxe (weapon)
Missiles
 d - 6 tomahawks
 l - 189 stones
 w - 62 sling bullets
 x - 9 javelins (quivered)
 C - 2 tomahawks of returning
Armour
 c - a +1 shield (worn)
 h - a +2 pair of boots (worn)
 y - a +0 chain mail (worn)
Jewellery
 j - a ring of wizardry (left hand)
 n - an amulet of guardian spirit (around neck)
 q - a cursed -3 ring of intelligence {unknown}
Wands
 B - a wand of disintegration (13/24)
 D - a wand of iceblast (6/15)
Scrolls
 b - a scroll of enchant armour
 e - a scroll of fear {unknown}
 r - 5 scrolls of teleportation
 s - 9 scrolls of identify
 t - 3 scrolls of recharging {unknown}
 u - 3 scrolls of remove curse
 z - a scroll of amnesia
 E - a scroll of fog {unknown}
 F - a scroll of immolation {unknown}
Potions
 k - a potion of haste {unknown}
 m - a potion of cancellation
 p - a potion of invisibility {unknown}
Books
 A - a book of Flames

   Spells                             Type                      Level
   a - Flame Tongue                   Conjuration/Fire             1
   b - Throw Flame                    Conjuration/Fire             2
   c - Conjure Flame                  Conjuration/Fire             3
   d - Inner Flame                    Hexes/Fire                   3
   e - Sticky Flame                   Conjuration/Fire             4
   f - Fireball                       Conjuration/Fire             5
Comestibles
 f - 8 bread rations
 i - 7 fruits
 o - 3 royal jellies
 v - 2 meat rations
 G - 2 chunks of flesh


   Skills:
 - Level 3.2 Fighting
 + Level 13.2 Axes
 - Level 3.2 Armour
 - Level 3.6 Shields


You had 9 spell levels left.
You didn't know any spells.

Dungeon Overview and Level Annotations

Branches:
Dungeon (7/15)             Temple (1/1) D:5

Altars:
Ashenzari
Cheibriados
Dithmenos
Elyvilon
Fedhas
Gozag
Hepliaklqana
Kikubaaqudgha
Makhleb
Nemelex Xobeh
Okawaru
Qazlal
Ru
Sif Muna
Trog
Uskayaw
Vehumet
Xom
Yredelemnul
Zin
The Shining One

Shops:
D:5 %((%(


Innate Abilities, Weirdness & Mutations

You cannot be hasted, slowed, berserked, paralysed or teleported.
You can dig through walls and to a lower floor.
Your four strong arms can wield two-handed weapons with a shield.
You have a pair of large antennae on your head. (SInv)
You are partially covered in large bone plates. (SH +4)
Your flesh is cold resistant. (rC+)
You are robust. (+10% HP)
You occasionally shout uncontrollably at your foes.


Message History

Items here: )))) [ a giant club; a hand axe x2; a dagger; a leather armour You closely miss the orc warrior.
The orc warrior hits you but does no damage.
You closely miss the orc warrior.
The orc warrior hits you with a trident!
* * * LOW HITPOINT WARNING * * *
You hit the orc warrior but do no damage.
You block the orc warrior's attack.
You closely miss the orc warrior.
The orc warrior hits you but does no damage.
You slash the orc warrior!
The orc warrior is moderately wounded.
The orc warrior hits you with a trident.
* * * LOW HITPOINT WARNING * * *
Okay, then.
You hit the orc warrior but do no damage.
The orc warrior is moderately wounded.
The orc warrior hits you with a trident!
You die...

#.# #.# #.# #.#
# #.# #. #.#
##.# #.#
#...#### #.#
#(.o@..# #..
#...##.# ##.
#### #.# #. #.#
#. #.# #. #.# #.
#.# #. #.#
######.
#.########[.....


You could see an orc warrior.

Vanquished Creatures
  Pikel (D:5)
  A hippogriff (D:5)
  A spriggan (D:7)
  Eustachio (D:4)
  Menkaure (D:7)
  Duvessa (D:4)
  A phantom (D:5)
  A sky beast (D:7)
  2 centaurs
  4 ogres
  Dowan (D:4)
  3 bullfrogs
  A scorpion (D:5)
  2 howler monkeys
  4 crimson imps
  The ghost of Thaneod the Conjurer, a weakling DEFE (D:3)
  4 hounds
  A jelly (D:7)
  3 orc priests
  An iguana (D:6)
  4 orc wizards
  5 worker ants
  A hound zombie (D:7)
  A worker ant zombie (D:4)
  14 adders
  2 oozes
  An adder skeleton (D:4)
  3 worms (D:5)
  3 dart slugs
  2 leopard geckos
  23 orcs
  5 bats (D:1)
  2 giant cockroaches
  11 goblins
  18 hobgoblins
  8 jackals
  6 quokkas
  5 ball pythons
  5 frilled lizards
  2 kobolds
  2 leopard gecko skeletons
  8 rats
166 creatures vanquished.

Vanquished Creatures (others)
  A slave (D:5)
  An adder (D:5)
  A shadow imp (D:5)
3 creatures vanquished.

Grand Total: 169 creatures vanquished

Notes
Turn   | Place    | Note
-------+----------+-------------------------------------------
     0 | D:1      | asishallab the Formicid Fighter began the quest for the Orb.
     0 | D:1      | Reached XP level 1. HP: 18/18 MP: 1/1
    87 | D:1      | Reached XP level 2. HP: 24/24 MP: 2/2
   144 | D:1      | Reached skill level 3 in Axes
   294 | D:1      | Reached XP level 3. HP: 29/29 MP: 3/3
   824 | D:2      | Reached skill level 4 in Axes
   824 | D:2      | Reached XP level 4. HP: 35/35 MP: 4/4
   985 | D:2      | Reached XP level 5. HP: 41/41 MP: 5/5
  1372 | D:2      | Reached skill level 5 in Axes
  2072 | D:3      | Noticed Thaneod's ghost (weakling DEFE)
  2081 | D:3      | Killed Thaneod's ghost
  2142 | D:3      | Gained mutation: You are partially covered in large bone plates. (SH +4) [potion of mutation]
  2142 | D:3      | Gained mutation: You occasionally shout uncontrollably at your foes. [potion of mutation]
  2142 | D:3      | Gained mutation: Your mind is acute. (Int +2) [potion of mutation]
  2298 | D:3      | Reached XP level 6. HP: 47/47 MP: 6/6
  2779 | D:4      | Reached skill level 6 in Axes
  2937 | D:4      | Lost mutation: Your mind is acute. (Int +2) [potion of mutation]
  2937 | D:4      | Gained mutation: Your flesh is cold resistant. (rC+) [potion of mutation]
  2937 | D:4      | Gained mutation: You are robust. (+10% HP) [potion of mutation]
  3051 | D:4      | Noticed Eustachio
  3120 | D:4      | Killed Eustachio
  3120 | D:4      | Reached skill level 7 in Axes
  3120 | D:4      | Reached XP level 7. HP: 20/57 MP: 4/7
  3427 | D:4      | Noticed Dowan
  3429 | D:4      | Noticed Duvessa
  3437 | D:4      | Killed Duvessa
  3437 | D:4      | Reached skill level 8 in Axes
  3442 | D:4      | Killed Dowan
  3533 | D:4      | Reached XP level 8. HP: 34/63 MP: 8/8
  3672 | D:5      | Entered Level 5 of the Dungeon
  3678 | D:5      | Found a staircase to the Ecumenical Temple.
  3684 | Temple   | Entered the Ecumenical Temple
  3707 | Temple   | Became a worshipper of Cheibriados the Contemplative
  3777 | D:5      | Found Ighoreatt's Food Shoppe.
  3782 | D:5      | Noticed a hippogriff
  4032 | D:5      | Reached skill level 9 in Axes
  4036 | D:5      | Killed a hippogriff
  4307 | D:5      | Found Webruopp's Weapon Boutique.
  4324 | D:5      | Found Dounar's Weapon Shop.
  4357 | D:5      | Noticed Pikel
  4366 | D:5      | Reached skill level 10 in Axes
  4374 | D:5      | Killed Pikel
  4374 | D:5      | Reached skill level 11 in Axes
  4374 | D:5      | Reached XP level 9. HP: 65/70 MP: 7/9
  4492 | D:5      | Reached * piety under Cheibriados
  4573 | D:5      | Found Ibriyhur's Food Boutique.
  5010 | D:5      | Found Zegol's Weapon Shop.
  5411 | D:6      | Reached skill level 12 in Axes
  5674 | D:7      | Reached ** piety under Cheibriados
  5848 | D:7      | Reached XP level 10. HP: 77/77 MP: 8/10
  5867 | D:7      | Noticed Menkaure
  5874 | D:7      | Killed Menkaure
  6143 | D:7      | Reached skill level 13 in Axes
  6344 | D:7      | HP: 3/77 [orc warrior/trident (5)]
  6345 | D:7      | Mangled by an orc warrior

Skill      XL: |  1  2  3  4  5  6  7  8  9 10 |
---------------+-------------------------------+-----
Axes           | 3 4 5 7 8 11 12 13 | 13.2
Fighting       | |  3.2
Armour         | |  3.2
Shields        | |  3.6

Action                   |  1- 3 |  4- 6 |  7- 9 | 10-12 || total
-------------------------+-------+-------+-------+-------++-------
Melee: War axe           |    87 |   148 |       |       ||   235
       Battleaxe         |       |    88 |   259 |    43 ||   390
Throw: Stone             |     3 |     6 |       |       ||     9
       Javelin           |       |     8 |     4 |       ||    12
  Use: Potion            |       |     8 |     2 |     1 ||    11
       Scroll            |       |     5 |       |       ||     5
  Eat: Chunk             |       |     7 |     8 |     1 ||    16
Armor: Scale mail        |    50 |    47 |       |       ||    97
       Chain mail        |       |    84 |   118 |    11 ||   213
Dodge: Dodged            |    36 |    55 |    59 |     4 ||   154
Block: Shield            |    52 |   199 |   226 |    25 ||   502
